 Dungeon Crawl Stone Soup version 0.29-a0-1052-g6990b1bffc (webtiles) character file.

Game seed: 17228922812036637210

907 gelatine the Stinger (level 7, -7/48 HPs)
             Began as a Demonspawn Venom Mage on Aug 18, 2022.
             Was an Initiate of Vehumet.
             Mangled by Duvessa
             ... wielding a +0 short sword
              (12 damage)
             ... on level 4 of the Dungeon.
             The game lasted 00:20:35 (5416 turns).

gelatine the Stinger (Demonspawn Venom Mage)        Turns: 5416, Time: 00:20:36

Health: -7/48      AC:  8    Str:  7    XL:     7   Next: 81%
Magic:  12/14      EV: 13    Int: 17    God:    Vehumet [......]
Gold:   253        SH:  0    Dex: 20    Spells: 5/15 levels left

rFire   . . .      SeeInvis .   w - +8 dagger of the Genius {spect, Dex+2}
rCold   . . .      Faith    .   (no shield)
rNeg    . . .      Spirit   .   a - +0 robe
rPois   .          Reflect  .   e - +0 helmet
rElec   .          Harm     .   (cloak unavailable)
rCorr   .          Rampage  .   (no gloves)
Will    .....                   i - +0 pair of boots
Stlth   ++........              (no amulet)
HPRegen 0.16/turn               d - ring of wizardry
MPRegen 0.14/turn               n - +4 ring of protection

@: no status effects
A: foul stench 2, weakness stinger 3, agile 1
a: Renounce Religion


You were on level 4 of the Dungeon.
You worshipped Vehumet.
Vehumet was noncommittal.
You visited 2 branches of the dungeon, and saw 5 of its levels.

You collected 253 gold pieces.

Inventory:

Hand Weapons
 w - the +8 dagger of the Genius (weapon) {spect, Dex+2}
   (You found it on level 4 of the Dungeon)

   When its wielder attacks, the weapon's spirit leaps out and strikes again.
   The spirit shares a part of any damage it takes with its wielder.
   Dex:       It affects your dexterity (+2).
 B - a +4 quarterstaff of chaos
Missiles
 D - 3 silver javelins
Armour
 a - a +0 robe (worn)
 e - a +0 helmet (worn)
 i - a +0 pair of boots (worn)
Magical Staves
 c - a staff of fire
Jewellery
 d - a ring of wizardry (left hand)
 l - a +4 ring of evasion
 n - a +4 ring of protection (right hand)
Wands
 y - a wand of digging (5)
 A - a wand of flame (17)
Scrolls
 f - a scroll of magic mapping {unknown}
 g - 4 scrolls of poison
 j - 2 scrolls of butterflies
 m - a scroll of teleportation {unknown}
 r - a scroll of fear {unknown}
 s - a scroll of vulnerability {unknown}
 t - 2 scrolls of enchant weapon {unknown}
 v - a scroll of blinking {unknown}
 x - 2 scrolls of identify
 z - a scroll of noise {unknown}
Potions
 b - a potion of degeneration {unknown}
 h - a potion of might
 k - a potion of invisibility
 o - a potion of brilliance
 p - a potion of attraction
 q - a potion of haste
 u - a potion of berserk rage
 E - 2 potions of resistance {unknown}


   Skills:
 + Level 1.4 Fighting
 + Level 0.2(0.9) Polearms
 + Level 1.3(1.4) Staves
 + Level 2.4 Dodging
 + Level 2.3 Stealth
 + Level 4.9 Spellcasting
 + Level 0.4 Conjurations
 + Level 2.8 Transmutations
 * Level 0.3 Fire Magic
 + Level 0.6 Air Magic
 + Level 5.3 Poison Magic
 * Level 2.4 Evocations


You had 5 spell levels left.
You knew the following spells:

 Your Spells              Type           Power      Damage    Failure   Level
a - Sting                 Tmut/Pois      72%        1d6       1%          1
b - Poisonous Vapours     Pois/Air       28%        N/A       2%          2
c - Mephitic Cloud        Conj/Pois/Air  11%        N/A       8%          3
d - Olgreb's Toxic Radia  Pois           22%        N/A       6%          4

Your spell library contained the following spells:

 Spells                   Type           Power      Damage    Failure   Level
 Gell's Gravitas          Tloc           4%         N/A       17%         3
 Lesser Beckoning         Tloc           4%         N/A       17%         3
 Teleport Other           Tloc           4%         N/A       17%         3


Dungeon Overview and Level Annotations

Branches:
Dungeon (4/15)             Temple (1/1) D:4

Altars:
Cheibriados
Dithmenos
Gozag
Kikubaaqudgha
Makhleb
Nemelex Xobeh
Okawaru
Qazlal
Sif Muna
Trog
Uskayaw
Vehumet
Xom
Yredelemnul

Annotations:
D:4 Duvessa


Innate Abilities, Weirdness & Mutations

You sometimes emit foul miasma when damaged in melee.
You have a sharp stinger which inflicts weakening toxins.
You are agile. (Dex +4, Str/Int -1)


Message History

You kill Dowan!
Vehumet accepts your kill.
Duvessa shouts!
Duvessa screams in rage.
Duvessa goes berserk!
You barely miss Duvessa.
Your +8 dagger of the Genius {spect, Dex+2} hits Duvessa.
Duvessa hits you with a +0 short sword!
You hit Duvessa.
You tail-slap Duvessa, but do no damage.
Duvessa is lightly wounded.
Your +8 dagger of the Genius {spect, Dex+2} hits Duvessa.
Duvessa closely misses you. Duvessa hits you with a +0 short sword!
Casting: Mephitic Cloud (dangerous; 8% risk of failure)
Confirm with . or Enter, or press ? or * to list all spells.
Aiming: Poisonous Vapours (safe; 2% risk of failure)
Press: ? - help, Dir - move target, f - Duvessa
Aim: Duvessa, wielding a +0 short sword and wearing a +0 ring mail (lightly wounded, berserk) Poisonous vapours surround Duvessa!
Duvessa is poisoned.
Duvessa hits you with a +0 short sword!
You hit Duvessa.
Duvessa is moderately wounded.
Your +8 dagger of the Genius {spect, Dex+2} barely misses Duvessa.
Duvessa barely misses you. Duvessa hits you with a +0 short sword.
You hit Duvessa but do no damage.
Duvessa is moderately wounded.
Your +8 dagger of the Genius {spect, Dex+2} hits Duvessa.
Duvessa hits you with a +0 short sword!
* * * LOW HITPOINT WARNING * * *
You feel better. Duvessa completely misses you. Duvessa closely misses you.
You puncture Duvessa!
Duvessa is heavily wounded.
Your +8 dagger of the Genius {spect, Dex+2} hits Duvessa!
Duvessa hits you with a +0 short sword.
* * * LOW HITPOINT WARNING * * *
You hit Duvessa but do no damage.
Duvessa is severely wounded.
Your +8 dagger of the Genius {spect, Dex+2} hits Duvessa.
Duvessa hits you with a +0 short sword!
You die...

### #.#############
#....#..........#
#.##.#.########.#
#.#....#[)@...#.#
#.#..#<#..e.#.#.#####
#.#..#.#..(.#.#.#...###
#.#..#.#...<#.#.......#
#.#..#.######...#####.##
#.#..#..........#...#..#
#######.###########....#...#.#
........#.............#...#..#
#########.###########.#####..#


You could see Duvessa (berserk, poisoned) and a friendly +8 dagger of the Genius
{spect, Dex+2} (summoned).

Vanquished Creatures
  Sigmund (D:2)
  A black bear (D:4)
  A phantom (D:4)
  A necrophage (D:4)
  2 scorpions (D:4)
  Dowan (D:4)
  2 hounds (D:4)
  Crazy Yiuf (D:3)
  Jessica (D:2)
  Ijyb (D:3)
  An orc wizard (D:4)
  Robin (D:3)
  A gnoll (D:4)
  6 adders
  An ufetubus (D:4)
  4 dart slugs
  2 orcs (D:4)
  7 bats
  14 endoplasms
  4 giant cockroaches (D:1)
  16 goblins
  8 hobgoblins
  4 jackals (D:2)
  5 kobolds
  6 quokkas
  8 ball pythons
  3 frilled lizards
  6 rats
109 creatures vanquished.

Vanquished Creatures (others)
  7 plants (D:2)
7 creatures vanquished.

Grand Total: 116 creatures vanquished

Notes
Turn   | Place    | Note
-------+----------+-------------------------------------------
     0 | D:1      | gelatine the Demonspawn Venom Mage began the quest for the
                  | Orb.
     0 | D:1      | Reached XP level 1. HP: 13/13 MP: 3/3
   203 | D:1      | Gained mutation: You have a small tail. [demonic ancestry]
   203 | D:1      | Reached XP level 2. HP: 17/19 MP: 1/5
   674 | D:1      | Reached skill level 1 in Transmutations
  1007 | D:2      | Gained mutation: You have a tail ending in a sharp stinger.
                  | [demonic ancestry]
  1007 | D:2      | Reached XP level 3. HP: 24/24 MP: 4/6
  1504 | D:2      | Noticed Jessica
  1516 | D:2      | Killed Jessica
  1517 | D:2      | Gained mutation: You may rarely emit foul miasma when
                  | damaged in melee. [demonic ancestry]
  1517 | D:2      | Reached XP level 4. HP: 28/30 MP: 0/8
  2259 | D:2      | Noticed Sigmund
  2266 | D:2      | Killed Sigmund
  2267 | D:2      | Reached skill level 4 in Poison Magic
  2267 | D:2      | Gained mutation: You sometimes emit foul miasma when
                  | damaged in melee. [demonic ancestry]
  2267 | D:2      | Reached XP level 5. HP: 18/36 MP: 1/10
  2570 | D:2      | Learned a level 2 spell: Poisonous Vapours
  2574 | D:2      | Learned a level 3 spell: Mephitic Cloud
  2579 | D:2      | Learned a level 4 spell: Olgreb's Toxic Radiance
  2699 | D:3      | Reached XP level 6. HP: 42/42 MP: 8/11
  2816 | D:3      | Gained mutation: You are agile. (Dex +4, Str/Int -1)
                  | [potion of mutation]
  2990 | D:3      | Noticed Robin
  3001 | D:3      | Killed Robin
  3217 | D:3      | Noticed Ijyb
  3233 | D:3      | Killed Ijyb
  3449 | D:3      | Found a runed translucent door.
  3450 | D:3      | Noticed Crazy Yiuf
  3459 | D:3      | Killed Crazy Yiuf
  3909 | D:4      | Reached skill level 5 in Poison Magic
  3909 | D:4      | Reached skill level 1 in Evocations
  3917 | D:4      | Gained mutation: You have a sharp stinger which inflicts
                  | weakening toxins. [demonic ancestry]
  3917 | D:4      | Reached XP level 7. HP: 34/47 MP: 1/13
  3957 | D:4      | Reached skill level 1 in Fighting
  3957 | D:4      | Reached skill level 1 in Staves
  4481 | D:4      | Found a staircase to the Ecumenical Temple.
  4491 | Temple   | Entered the Ecumenical Temple
  4689 | Temple   | Became a worshipper of Vehumet
  4875 | D:4      | Identified the +8 dagger of the Genius {spect, Dex+2}
  5404 | D:4      | Noticed Dowan
  5405 | D:4      | Noticed Duvessa
  5408 | D:4      | Killed Dowan
  5416 | D:4      | Mangled by Duvessa

Illustrated notes

Levels and vault maps discovered:
D:1:      saegor_arrival_simple_c, layout_basic
D:2:      layout_basic, serial_forest, infiniplex_forest_clump_large,
          infiniplex_forest_diagonal, infiniplex_forest_lined_corner,
          infiniplex_forest_clump_medium, infiniplex_forest_clump_large,
          infiniplex_forest_straight_2, minmay_pentomino_w4, uniq_sigmund,
          uniq_jessica
D:3:      layout_basic, mainiacjoe_overflow_small_starburst,
          supply_closet_lemuel, minmay_stone_trees_medium, fountainhead,
          uniq_crazy_yiuf_cottage, uniq_robin, uniq_ijyb
D:4:      minmay_chambers_of_threes, layout_basic, minmay_temple_entry_grid,
          minmay_distorted, uniq_duvessa
Temple:   nicolae_temple_bog_church

Skill      XL: |  1  2  3  4  5  6  7 |
---------------+----------------------+-----
Transmutations | 1 2 |  2.8
Spellcasting   | 3 4 |  4.9
Dodging        | 2 |  2.4
Stealth        | 2 |  2.3
Poison Magic   | 4 5 |  5.3
Evocations     | 1 2 |  2.4
Fighting       | 1 |  1.4
Staves         | 1 |  1.3
Polearms       | |  0.2
Conjurations   | |  0.4
Fire Magic     | |  0.3
Air Magic      | |  0.6

Action                   |  1- 3 |  4- 6 |  7- 9 || total
-------------------------+-------+-------+-------++-------
Melee: Unarmed           |     6 |       |       ||     6
       Dagger            |    37 |    14 |    16 ||    67
       Tailslap          |     5 |     6 |     9 ||    20
       Punch             |     1 |     1 |       ||     2
       Spear             |       |    16 |       ||    16
       Quarterstaff      |       |     5 |    29 ||    34
 Cast: Sting             |    80 |    52 |     3 ||   135
       Olgreb's Toxic Ra |       |     7 |     3 ||    10
       Poisonous Vapours |       |     6 |     2 ||     8
       Mephitic Cloud    |       |     3 |     3 ||     6
  Use: Scroll            |       |     7 |       ||     7
       Potion            |       |     2 |     7 ||     9
 Stab: Sleeping          |       |     1 |     5 ||     6
       Confused          |       |       |     1 ||     1
Armor: Robe              |    14 |     9 |    26 ||    49
Dodge: Dodged            |    61 |    28 |    19 ||   108

Table legend: (Time is in decaauts)
 A = Elapsed time spent in this place.
 B = Non-inter-level travel time spent in this place.
 C = Inter-level travel time spent in this place.
 D = Time resting spent in this place.
 E = Time spent auto-exploring this place.
 F = Levels seen in this place.
 G = Mean time per level.
                   A        B        C        D        E       F      G
               +--------+--------+--------+--------+--------+-----+--------+
         Total |   5424 |   5265 |    159 |    437 |   3906 |   5 | 1084.8 |
       Dungeon |   5201 |   5072 |    129 |    437 |   3731 |   4 | 1300.2 |
        Temple |    222 |    192 |     30 |      0 |    175 |   1 |  222.0 |
               +--------+--------+--------+--------+--------+-----+--------+

Top non-repeatable levels by time:
     D:2: 1658 daAuts
     D:4: 1343 daAuts
     D:3: 1197 daAuts
     D:1: 1003 daAuts
  Temple: 222 daAuts
